 Dungeon Crawl Stone Soup version 0.21-a0-504-g2eda33064f (webtiles) character file.

117 Kaname the Conjurer (level 4, -9/30 HPs)
             Began as a Demonspawn Wizard on Nov 25, 2017.
             Mangled by a kobold
             ... wielding a +1 whip of electrocution
              (14 damage)
             ... on level 3 of the Dungeon.
             The game lasted 00:05:07 (2037 turns).

Kaname the Conjurer (Demonspawn Wizard)             Turns: 2037, Time: 00:05:07

Health: -9/30      AC:  2    Str:  7    XL:     4   Next: 71%
Magic:  0/8        EV: 12    Int: 20    God:
Gold:   59         SH:  0    Dex: 12    Spells: 0/9 levels left

rFire    . . .     SeeInvis .   e - +0 spear
rCold    . . .     Gourm    .   (no shield)
rNeg     . . .     Faith    .   a - +0 robe
rPois    .         Spirit   .   b - +0 hat
rElec    .         Reflect  .   (no cloak)
rCorr    .         Harm     .   (no gloves)
MR       .....                  (no boots)
Stlth    ++........             (no amulet)
HPRegen  0.10/turn              (no ring)
MPRegen  0.11/turn              (no ring)

@: no status effects
A: antennae 1, powered by death 1
a: no special abilities


You were on level 3 of the Dungeon.
You were not hungry.

You visited 1 branch of the dungeon, and saw 3 of its levels.

You collected 59 gold pieces.

Inventory:

Hand Weapons
 e - a +0 spear (weapon)
Armour
 a - a +0 robe (worn)
 b - a +0 hat (worn)
Scrolls
 l - 2 scrolls of amnesia {unknown}
 m - a scroll of identify {unknown}
 p - a scroll of remove curse {unknown}
 s - a scroll of fog {unknown}
Potions
 h - 2 potions of haste {unknown}
 i - a potion of magic {unknown}
 j - a potion of flight {unknown}
 k - a potion of heal wounds {unknown}
 n - a potion of experience {unknown}
 o - a potion of cancellation {unknown}
 r - a potion of degeneration {unknown}
Books
 c - a book of Minor Magic

   Spells                             Type                      Level
   a - Magic Dart                     Conjuration                  1
   b - Blink                          Translocation                2
   c - Call Imp                       Summoning                    2
   d - Slow                           Hexes                        2
   e - Conjure Flame                  Conjuration/Fire             3
   f - Mephitic Cloud                 Conjuration/Poison/Air       3
Comestibles
 d - 2 bread rations
 f - a meat ration
 g - 2 royal jellies


   Skills:
 - Level 1.7 Dodging
 - Level 1.7 Stealth
 - Level 3.0 Spellcasting
 + Level 4.6 Conjurations
   Level 1.0 Summonings
 - Level 0.8 Translocations


You couldn't memorise any spells.
You knew the following spells:

 Your Spells              Type           Power        Failure   Level  Hunger
a - Magic Dart            Conj           ###.         1%          1    None
b - Blink                 Tloc           N/A          16%         2    ##.....
c - Mephitic Cloud        Conj/Pois/Air  #.......     22%         3    ###....
d - Conjure Flame         Conj/Fire      ##......     16%         3    ###....


Dungeon Overview and Level Annotations

Branches:
Dungeon (3/15)

Altars:
Elyvilon
Gozag
Nemelex Xobeh
Trog


Innate Abilities, Weirdness & Mutations

You have a pair of small antennae on your head.
You regenerate a little health from kills.


Message History

Confirm with . or Enter, or press ? or * to list all spells.
Aiming: Magic Dart
Press: ? - help, Shift-Dir - straight line, f/p - kobold
Aim: a kobold, wielding a whip of electrocution and wearing a ring mail (moderately wounded)
The magic dart hits the kobold.
The kobold is moderately wounded.
The kobold hits you but does no damage.
You are electrocuted!
Ouch! That really hurt!
You closely miss the kobold.
The kobold is moderately wounded.
The kobold hits you with a whip of electrocution.
* * * LOW HITPOINT WARNING * * *
You barely miss the kobold.
The kobold is moderately wounded.
The kobold hits you with a whip of electrocution.
* * * LOW HITPOINT WARNING * * *
You barely miss the kobold.
The kobold is moderately wounded.
The kobold hits you but does no damage.
You are electrocuted!
You die...

#.....#.#)#####
#...##. #######.#.#
#...### #.#.# #...#
#.#.# ###### #...#
#.# #....# #...# #.#
#....#####...# ...
+............#
#####....#####.#.###
#..@K.....$..#....K.
#.##########.####.##
#. #..# #S ##.# #.
.# .. .. #. .. ##
#.. .. #.#


You could see a kobold.

Vanquished Creatures
  5 adders (D:2)
  A worm (D:2)
  5 dart slugs
  3 leopard geckos
  7 bats
  4 giant cockroaches
  6 goblins
  7 hobgoblins
  2 jackals (D:3)
  A ball python (D:3)
  4 frilled lizards
  7 kobolds
  A leopard gecko skeleton (D:2)
  4 rats
57 creatures vanquished.

Notes
Turn   | Place    | Note
-------+----------+-------------------------------------------
     0 | D:1      | Kaname the Demonspawn Wizard began the quest for the Orb.
     0 | D:1      | Reached XP level 1. HP: 13/13 MP: 4/4
     2 | D:1      | Noticed a human
     2 | D:1      | Noticed a ghoul
     4 | D:1      | Noticed an octopode
     4 | D:1      | Noticed a formicid
     6 | D:1      | Noticed a dwarf
     6 | D:1      | Noticed a tengu
     9 | D:1      | Noticed a minotaur
     9 | D:1      | Noticed a demonspawn
    13 | D:1      | Noticed a halfling
    13 | D:1      | Noticed an elf
    15 | D:1      | Noticed an ogre
    17 | D:1      | Noticed a vampire
    17 | D:1      | Noticed a merfolk
    19 | D:1      | Noticed a gargoyle
    19 | D:1      | Noticed a centaur
    21 | D:1      | Noticed a demigod
    21 | D:1      | Noticed a felid
    23 | D:1      | Noticed a draconian
    23 | D:1      | Noticed a vine stalker
    25 | D:1      | Noticed a troll
    27 | D:1      | Noticed a naga
    27 | D:1      | Noticed a spriggan
   292 | D:1      | Reached skill level 2 in Conjurations
   292 | D:1      | Gained mutation: You regenerate a little health from kills. [demonic ancestry]
   292 | D:1      | Reached XP level 2. HP: 19/19 MP: 1/6
   339 | D:1      | Learned a level 2 spell: Blink
   836 | D:1      | Reached skill level 3 in Conjurations
   937 | D:2      | Reached XP level 3. HP: 24/24 MP: 0/7
  1253 | D:2      | Learned a level 3 spell: Mephitic Cloud
  1275 | D:2      | Gained mutation: You have a pair of small antennae on your head. [demonic ancestry]
  1275 | D:2      | Reached XP level 4. HP: 22/30 MP: 0/8
  1401 | D:2      | Reached skill level 4 in Conjurations
  1728 | D:2      | Learned a level 3 spell: Conjure Flame
  1932 | D:3      | Found a sparkling altar of Nemelex Xobeh.
  1932 | D:3      | Found a bloodstained altar of Trog.
  1932 | D:3      | Found a white marble altar of Elyvilon.
  1933 | D:3      | Found an opulent altar of Gozag.
  2037 | D:3      | Mangled by a kobold

Vault maps used:
D:1:      kb_arrival_jail
D:2:      first_bread
D:3:      grunt_temple_overflow_open, lemuel_doored_altar

Skill      XL: |  1  2  3  4 |
---------------+-------------+-----
Conjurations   | 2 3 4 |  4.6
Dodging        | |  1.7
Stealth        | |  1.7
Spellcasting   | |  3.0
Summonings     | |  1.0
Translocations | |  0.8

Action                   |  1- 3 |  4- 6 || total
-------------------------+-------+-------++-------
Melee: Club              |     1 |       ||     1
       Spear             |    27 |    33 ||    60
 Cast: Magic Dart        |    70 |    56 ||   126
  Eat: Chunk             |     1 |     2 ||     3
Armor: Robe              |     2 |     7 ||     9
Dodge: Dodged            |    26 |    25 ||    51

Table legend:
 A = Spawn XP
 B = Non-spawn XP
 C = Spawn XP percentage of total XP
 D = Spawn monster count
 E = Non-spawn monster count
 F = Spawn count percentage of total count
 G = Total turns spent on level
                    A         B        C        D         E        F      G
               +---------+---------+-------+---------+---------+-------+---------
         Total |       0 |     168 |   0.0 |       0 |      57 |   0.0 |  2037
               +---------+---------+-------+---------+---------+-------+---------
           D:1 |       0 |      39 |   0.0 |       0 |      19 |   0.0 |   931
           D:2 |       0 |     113 |   0.0 |       0 |      29 |   0.0 |   964
           D:3 |       0 |      16 |   0.0 |       0 |       9 |   0.0 |   142
               +---------+---------+-------+---------+---------+-------+---------
